 Dungeon Crawl Stone Soup version 0.28.0-53-g5a82cb258f (webtiles) character file.

Game seed: 9374566313530014942

506 Descartes the Cudgeller (level 6, 0/62 HPs)
             Began as a Troll Warper on June 8, 2022.
             Was an Initiate of Ashenzari.
             Succumbed to a water moccasin's poison
             ... on level 5 of the Dungeon.
             The game lasted 00:06:32 (3402 turns).

Descartes the Cudgeller (Troll Warper)              Turns: 3402, Time: 00:06:32

Health: 0/62       AC:  4    Str: 20    XL:     6   Next: 97%
Magic:  7/7        EV: 10    Int:  9    God:    Ashenzari [......]
Gold:   351        SH:  0    Dex: 11    Spells: 8/8 levels left

rFire   . . .      SeeInvis .   a - +0 mace
rCold   . . .      Faith    .   (no shield)
rNeg    . . .      Spirit   .   b - +0 robe "Share My Sybil" {Fort, Self} (curse)
rPois   .          Reflect  .   (helmet restricted)
rElec   .          Harm     .   (no cloak)
rCorr   .          Rampage  .   (gloves unavailable)
Will    .....                   (boots unavailable)
Stlth   +.........              (no amulet)
HPRegen 1.00/turn               (no ring)
MPRegen 0.10/turn               (no ring)

@: lethally poisoned (0 -> -14), studying Hexes
A: large, unfitting armour, claws 3, regeneration 1, shaggy fur 1, tough skin 1
a: Renounce Religion, Curse Item, Shatter the Chains


You were on level 5 of the Dungeon.
You worshipped Ashenzari.
Ashenzari was noncommittal.
You visited 2 branches of the dungeon, and saw 6 of its levels.

You collected 351 gold pieces.

Inventory:

Hand Weapons
 a - a +0 mace (weapon)
 h - a +2 dagger of draining
Missiles
 d - 5 boomerangs of dispersal (quivered)
 g - 6 javelins
 k - 6 boomerangs
 s - 2 curare-tipped darts
 t - 63 stones
 x - 6 poisoned darts
Armour
 b - the cursed +0 robe "Share My Sybil" (worn) {Fort, Self}

   It has a curse which improves the following skills: Fortitude: Armour and
   Shields.
   Introspection: Fighting and Spellcasting.
Scrolls
 c - a scroll of blinking
 l - a scroll of enchant weapon {unknown}
 p - a scroll of identify {unknown}
 q - a scroll of brand weapon {unknown}
 r - 2 scrolls of vulnerability {unknown}
 u - a scroll of teleportation {unknown}
Potions
 e - a potion of flight {unknown}
 f - 2 potions of heal wounds {unknown}
 i - 2 potions of mutation {unknown}
 j - a potion of cancellation {unknown}
 m - a potion of might {unknown}
 n - a potion of haste {unknown}
 o - a potion of degeneration {unknown}
 v - a potion of curing {unknown}
 w - 2 potions of attraction {unknown}


   Skills:
 + Level 3.5(3.9) Fighting
 + Level 3.9 Maces & Flails
 - Level 0.8 Throwing
 + Level 2.0(2.3) Armour
 - Level 1.9 Dodging
 - Level 1.2(1.5) Spellcasting
 + Level 3.6 Translocations


You had 8 spell levels left.
You didn't know any spells.
Your spell library contained the following spells:

 Spells                   Type           Power      Damage    Failure   Level
 Blink                    Tloc           14%        N/A       12%         2
 Gell's Gravitas          Tloc           7%         N/A       24%         3
 Lesser Beckoning         Tloc           7%         N/A       24%         3
 Teleport Other           Tloc           7%         N/A       24%         3
 Freeze                   Ice            0%         1d3       34%         1
 Frozen Ramparts          Ice            0%         1d2       71%         3
 Manifold Assault         Tloc           7%         N/A       91%         5
 Hailstorm                Conj/Ice       0%         3d3       98%         4
 Summon Forest            Summ/Tloc      2%         N/A       99%         5
 Starburst                Conj/Fire      0%         6d3       100%        6
 Fire Storm               Conj/Fire      0%         5d1       100%        9


Dungeon Overview and Level Annotations

Branches:
Dungeon (5/15)             Temple (1/1) D:4

Altars:
Ashenzari
Cheibriados
Dithmenos
Elyvilon
Hepliaklqana
Kikubaaqudgha
Nemelex Xobeh
Okawaru
Qazlal
Sif Muna
Trog
Wu Jian
Xom
Zin
The Shining One


Innate Abilities, Weirdness & Mutations

You are too large for most types of armour.
You have claws for hands.
Your natural rate of healing is unusually fast.
You are covered in fur. (AC +1)
You have tough skin. (AC +1)


Message History

The water moccasin bites you.
You barely miss the water moccasin.
The water moccasin is lightly wounded.
You feel very sick. The water moccasin closely misses you.
The water moccasin bites you.
You are more poisoned.
The water moccasin poisons you!
You are too injured to fight recklessly!
You are too injured to fight recklessly!
You are too injured to fight recklessly!
You are too injured to fight recklessly!
You are too injured to fight recklessly!
You are too injured to fight recklessly!
You are too injured to fight recklessly!
You are too injured to fight recklessly!
You are too injured to fight recklessly!
You are too injured to fight recklessly!
You are too injured to fight recklessly!
You are too injured to fight recklessly!
You are too injured to fight recklessly!
You are too injured to fight recklessly!
You are too injured to fight recklessly!
You are too injured to fight recklessly!
You closely miss the water moccasin.
The water moccasin is lightly wounded.
You feel extremely sick. The water moccasin bites you!
* * * LOW HITPOINT WARNING * * *
You are lethally poisoned!
The water moccasin poisons you! The water moccasin bites you.
* * * LOW HITPOINT WARNING * * *
You closely miss the water moccasin.
The water moccasin is lightly wounded.
* * * LOW HITPOINT WARNING * * *
You feel extremely sick. The water moccasin bites you.
* * * LOW HITPOINT WARNING * * *
You hit the water moccasin.
The water moccasin is lightly wounded.
You die...

.# #.# # #.###.####.#
#####.# #.#.# ....
....
.)..#.#.....#######
#.....
.................
...>.#
....#.###.#...(.#
#....# ....#.# #.....#
......# ....#.#
+.....# ..#
....#.#####.....##...#
....#....## #...@S...#
....#.....#
#.#####.....
#'#.##....# #.# ###
#.#.##....# #.#
..#.##....###.###
#.#.##..........#
###.##...####...#
....###### #...# .####
#####...#


You could see a water moccasin.

Vanquished Creatures
  A necrophage (D:4)
  A centaur (D:4)
  A wyvern zombie (D:5)
  A wyvern skeleton (D:3)
  A hound (D:4)
  2 iguanas (D:4)
  5 adders
  3 worms
  3 dart slugs
  2 bats
  8 endoplasms
  7 giant cockroaches
  10 goblins
  8 hobgoblins
  11 kobolds
  3 quokkas
  8 ball pythons
  2 frilled lizards
  5 rats
82 creatures vanquished.

Vanquished Creatures (others)
  21 plants (D:1)
21 creatures vanquished.

Grand Total: 103 creatures vanquished

Notes
Turn   | Place    | Note
-------+----------+-------------------------------------------
     0 | D:1      | Descartes the Troll Warper began the quest for the Orb.
     0 | D:1      | Reached XP level 1. HP: 19/19 MP: 1/1
   138 | D:1      | Reached XP level 2. HP: 28/28 MP: 2/2
   357 | D:1      | Found a faded altar of an unknown god.
   377 | D:1      | Prayed at the altar of an unknown god.
   377 | D:1      | Became a worshipper of Ashenzari the Shackled
   512 | D:1      | Reached XP level 3. HP: 32/33 MP: 3/3
  1160 | D:3      | HP: 1/34 [wyvern skeleton (10)]
  1163 | D:3      | Reached XP level 4. HP: 5/44 MP: 4/4
  1843 | D:4      | Noticed a centaur
  1912 | D:4      | HP: 2/45 [centaur (1)]
  1914 | D:4      | Killed a centaur
  1915 | D:4      | Reached XP level 5. HP: 5/53 MP: 6/6
  1995 | D:4      | Reached skill level 1 in Armour
  2206 | D:4      | Found a shimmering blue altar of Sif Muna.
  2309 | D:4      | Reached XP level 6. HP: 33/61 MP: 7/7
  2379 | D:4      | Got Plog's Collected Works on Warped Fire
  2503 | D:4      | Identified the +1 leather armour of Benevolence {rPois
                  | Str+3}
  2512 | D:4      | Found a staircase to the Ecumenical Temple.
  2530 | Temple   | Entered the Ecumenical Temple
  2986 | D:5      | Entered Level 5 of the Dungeon
  3328 | D:5      | Found a hazy altar of Hepliaklqana.
  3392 | D:5      | Noticed a water moccasin
  3402 | D:5      | Succumbed to a water moccasin's poison

Illustrated notes

Levels and vault maps discovered:
D:1:      dpeg_arrival_connections, layout_basic, ebering_ecumenical_altar_webs,
          kennysheep_boxes
D:2:      layout_rooms, chequers_avenue
D:3:      layout_basic
D:4:      layout_basic, nicolae_sif_muna_little_library, temple_pool_b,
          hangedman_abyss_or_decor_jellyfish_corner, minmay_manual_mail
D:5:      layout_basic, amcnicky_altar_gilded, uniq_duvessa
Temple:   nicolae_temple_hex_pool

Skill      XL: |  1  2  3  4  5  6 |
---------------+-------------------+-----
Maces & Flails | 2 3 |  3.9
Fighting       | 2 3 |  3.5
Translocations | 3 |  3.6
Armour         | 1 2 |  2.0
Throwing       | |  0.8
Dodging        | |  1.9
Spellcasting   | |  1.2

Action                   |  1- 3 |  4- 6 || total
-------------------------+-------+-------++-------
Melee: Mace              |   130 |   251 ||   381
       Punch             |     1 |     1 ||     2
Invok: Curse Item        |       |     1 ||     1
Armor: Robe              |    53 |   119 ||   172
Dodge: Dodged            |    71 |   206 ||   277
